 Dungeon Crawl Stone Soup version 0.28.0 (webtiles) character file.

Game seed: 13209948359759106495

100 sanka the Magician (level 4, -1/24 HPs)
             Began as a Deep Elf Transmuter on Feb 8, 2022.
             Was a Follower of Ashenzari.
             Slain by Grinder (2 damage)
             ... on level 3 of the Dungeon.
             The game lasted 00:03:39 (3823 turns).

sanka the Magician (Deep Elf Transmuter)            Turns: 3823, Time: 00:03:40

Health: -1/24      AC:  4    Str:  7    XL:     4   Next: 47%
Magic:  14/14      EV: 12    Int: 20    God:    Ashenzari [*.....]
Gold:   114        SH:  0    Dex: 15    Spells: 15/16 levels left

rFire   . . .      SeeInvis .   i - +2 dagger (drain)
rCold   . . .      Faith    .   (no shield)
rNeg    . . .      Spirit   .   a - +0 robe "Gaze Upon Infinity" {Bglg, Elem} (curse)
rPois   .          Reflect  .   b - +1 helmet "Eternal Seeker" {Range, Elem} (curse)
rElec   .          Harm     .   (no cloak)
rCorr   .          Rampage  .   (no gloves)
Will    .....                   (no boots)
Stlth   +.........              (no amulet)
HPRegen 0.08/turn               (no ring)
MPRegen 0.14/turn               (no ring)

@: no status effects
A: no striking features
a: Renounce Religion, Shatter the Chains


You were on level 3 of the Dungeon.
You worshipped Ashenzari.
Ashenzari was aware of your devotion.
You visited 1 branch of the dungeon, and saw 3 of its levels.

You collected 114 gold pieces.

Inventory:

Hand Weapons
 i - a +2 dagger of draining (weapon)
Armour
 a - the cursed +0 robe "Gaze Upon Infinity" (worn) {Bglg, Elem}

   It has a curse which improves the following skills: Beguiling: Conjurations,
   Hexes and Translocations.
   Elements:  Fire Magic, Ice Magic, Air Magic and Earth Magic.
 b - the cursed +1 helmet "Eternal Seeker" (worn) {Range, Elem}
   (You found it on level 1 of the Dungeon)

   It has a curse which improves the following skills: Ranged Combat: Slings,
   Bows, Crossbows and Throwing.
   Elements:  Fire Magic, Ice Magic, Air Magic and Earth Magic.
Magical Staves
 e - a staff of earth
Scrolls
 c - 2 scrolls of fear
 g - a scroll of magic mapping
 h - 2 scrolls of enchant armour
 j - a scroll of teleportation
Potions
 d - 2 potions of attraction


   Skills:
 - Level 0.7 Fighting
 - Level 2.4 Dodging
 - Level 2.4 Unarmed Combat
 + Level 6.5 Spellcasting
 - Level 2.1 Transmutations


You had 15 spell levels left.
You knew the following spells:

 Your Spells              Type           Power      Damage    Failure   Level
a - Beastly Appendage     Tmut           30%        N/A       4%          1

Your spell library contained the following spells:

 Spells                   Type           Power      Damage    Failure   Level
 Wereblood                Tmut           15%        N/A       6%          2
 Spider Form              Tmut/Pois      10%        N/A       19%         3
 Ice Form                 Ice/Tmut       11%        N/A       52%         4


Dungeon Overview and Level Annotations

Branches:
Dungeon (3/15)

Altars:
Ashenzari

Annotations:
D:3 Grinder


Message History

The endoplasm is almost dead.
The endoplasm closely misses you.
You hit the endoplasm.
You kill the endoplasm!
Grinder comes into view.
Grinder is nearby!
Grinder is nearby!
Grinder shouts!
You closely miss Grinder.
Okay, then.
Grinder gestures at you. You resist with significant effort.
Okay, then.
Grinder closely misses you. Grinder hits you.
There is a stone staircase leading up here.
You barely miss Grinder. Grinder gestures at you.
You resist with significant effort.
You hit Grinder.
Grinder is lightly wounded.
Grinder hits you.
You writhe in agony.
You hit Grinder.
Grinder is lightly wounded.
Grinder gestures at you. You resist with significant effort.
You hit Grinder.
Grinder is lightly wounded.
Grinder hits you.
You writhe in agony.
* * * LOW HITPOINT WARNING * * *
You closely miss Grinder.
Grinder is lightly wounded.
Grinder hits you but does no damage.
You closely miss Grinder.
Grinder is lightly wounded.
Grinder says, "Mostly I couldn't keep them alive."
Grinder hits you.
* * * LOW HITPOINT WARNING * * *
You writhe in agony.
You die...

#. ########## #.
.##..)...# #.#
.....#...# #.#
.....##..# ###.##
#'#####..# ....#
#....#...# #..#
#)..[#...# #.@#
#######..# #.5#
..##..#..######..#
......'†.#.......###.#
#8..8##..######......#
##..###### ###..#####
##..# #....# ##(.#
#.##.# #..# #.##.###


You could see Grinder.

Vanquished Creatures
  2 adders
  3 worms (D:3)
  A dart slug (D:2)
  8 endoplasms
  3 giant cockroaches
  5 goblins
  10 hobgoblins
  5 jackals (D:1)
  3 quokkas (D:1)
  2 ball pythons (D:1)
  7 bats
  7 frilled lizards
  4 kobolds
  6 rats
66 creatures vanquished.

Notes
Turn   | Place    | Note
-------+----------+-------------------------------------------
     0 | D:1      | sanka the Deep Elf Transmuter began the quest for the Orb.
     0 | D:1      | Reached XP level 1. HP: 11/11 MP: 6/6
   347 | D:1      | Reached skill level 4 in Spellcasting
   347 | D:1      | Reached XP level 2. HP: 16/16 MP: 7/9
   747 | D:1      | Reached XP level 3. HP: 16/20 MP: 11/11
  1246 | D:1      | Reached skill level 5 in Spellcasting
  1309 | D:1      | Found a faded altar of an unknown god.
  1314 | D:1      | Prayed at the altar of an unknown god.
  1314 | D:1      | Became a worshipper of Ashenzari the Shackled
  1331 | D:1      | Identified the cursed +1 helmet "Eternal Seeker" {Range,
                  | Elem} (You found it on level 1 of the Dungeon)
  3055 | D:2      | Reached XP level 4. HP: 11/24 MP: 13/13
  3340 | D:3      | Reached skill level 6 in Spellcasting
  3686 | D:3      | Reached * piety under Ashenzari
  3808 | D:3      | Noticed Grinder
  3823 | D:3      | HP: 1/24 [Grinder (6)]
  3823 | D:3      | Slain by Grinder

Illustrated notes

Levels and vault maps discovered:
D:1:      zelgadis_glass_arrival_small, layout_loops_corners,
          basic_ecumenical_altar, minmay_heptomino_w4
D:2:      layout_rooms
D:3:      minmay_chambers_of_twos, layout_loops_ring, skrybe_limestone_x,
          uniq_grinder

Skill      XL: |  1  2  3  4 |
---------------+-------------+-----
Spellcasting   | 4 5 6 |  6.5
Fighting       | |  0.7
Dodging        | |  2.4
Unarmed Combat | |  2.4
Transmutations | |  2.1

Action                   |  1- 3 |  4- 6 || total
-------------------------+-------+-------++-------
Melee: Unarmed           |   139 |     4 ||   143
       Kick              |    36 |     5 ||    41
       Headbutt          |    17 |       ||    17
       Dagger            |       |    51 ||    51
       Punch             |       |     2 ||     2
 Cast: Beastly Appendage |    28 |     2 ||    30
Invok: Curse Item        |     1 |     1 ||     2
 Stab: Sleeping          |       |     2 ||     2
Armor: Robe              |    29 |    10 ||    39
Dodge: Dodged            |    77 |    24 ||   101
